 Dungeon Crawl Stone Soup version 0.31.0-11-ge490571c62 (webtiles) character file.

Game seed: 4577724998375681998

179 Minsecho the Ducker (level 5, -2/28 HPs)
             Began as a Spriggan Monk on Feb 2, 2024.
             Slain by a gnoll
             ... wielding a +0 whip
              (6 damage)
             ... on level 3 of the Dungeon.
             The game lasted 00:06:03 (2417 turns).

Minsecho the Ducker (Spriggan Monk)                 Turns: 2417, Time: 00:06:03

Health: -2/28      AC:  2    Str:  9    XL:     5   Next: 32%
Magic:  6/6        EV: 20    Int: 12    God:
Gold:   101        SH:  0    Dex: 17    Spells: 4/4 levels left

rFire   . . .        m - +0 dagger (elec)
rCold   . . .        (no shield)
rNeg    . . .        b - +0 robe
rPois   .            (helmet restricted)
rElec   .            (no cloak)
rCorr   .            (gloves unavailable)
SInv    +            (boots unavailable)
Will    .....        o - amulet of reflection
Stlth   +            (no ring)
HPRegen 0.24/turn    (no ring)
MPRegen 0.10/turn

%: reflection
@: confused, ambrosia-drunk, very quick
A: very small, no large weapons, unfitting armour, see invisible, speed 3
a: no special abilities


You were on level 3 of the Dungeon.
You visited 1 branch of the dungeon, and saw 3 of its levels.

You collected 101 gold pieces.

Inventory:

Hand Weapons
 m - a +0 dagger of electrocution (weapon)
Missiles
 a - a throwing net (quivered)
 q - 6 atropa-tipped darts
Armour
 b - a +0 robe (worn)
Jewellery
 o - an amulet of reflection (around neck)
Wands
 d - a wand of digging (7)
 p - a wand of paralysis (10)
Scrolls
 e - 2 scrolls of blinking {unknown}
 h - 2 scrolls of enchant armour {unknown}
 j - 3 scrolls of teleportation
 k - a scroll of vulnerability {unknown}
 n - 4 scrolls of enchant weapon {unknown}
Potions
 f - a potion of resistance {unknown}
 g - a potion of haste {unknown}
 i - 2 potions of berserk rage {unknown}
 l - a potion of lignification {unknown}


   Skills:
 + Level 3.1 Fighting
 + Level 4.9 Short Blades
 + Level 5.5 Dodging
 * Level 2.1 Stealth


You had 4 spell levels left.
You didn't know any spells.
Your spell library was empty.

Dungeon Overview and Level Annotations

Branches:
Dungeon (3/15)

Altars:

Shops:
D:2 [


Innate Abilities, Weirdness & Mutations

You are very small and have problems with some larger weapons.
You are too small for most types of armour.
You have supernaturally acute eyesight. (SInv)
You cover ground extremely quickly. (Speed+++)


Message History

You feel strangely unstable.
It was a scroll of teleportation.
The gnoll hits you from afar with a +0 spear.
Your surroundings suddenly seem different.
You start resting.
HP restored.
The orc priest shouts!
The gnoll shouts! x2
The orc priest misses you.
The gnoll shouts!
You hit the orc priest.
The orc priest is lightly wounded.
The orc priest hits you with a +0 trident!
You closely miss the orc priest.
The orc priest is lightly wounded.
The orc priest misses you.
You closely miss the orc priest.
The orc priest is lightly wounded.
You block the gnoll's attack.
You barely miss the orc priest.
The orc priest is lightly wounded.
The orc priest closely misses you.
The gnoll hits you from afar with a +0 spear.
Okay, then.
The orc priest completely misses you. The gnoll closely misses you.
The orc priest calls down the wrath of Beogh upon you.
Beogh smites you!
* * * LOW HITPOINT WARNING * * *
You are confused.
You feel invigorated.
You bump into the rock wall.
The gnoll closely misses you. The gnoll misses you.
You hit the gnoll.
The gnoll is lightly wounded.
The gnoll hits you with a +0 whip.
* * * LOW HITPOINT WARNING * * *
The gnoll barely misses you. The gnoll misses you.
You bump into the rock wall.
The orc priest hits you from afar with a +0 trident.
* * * LOW HITPOINT WARNING * * *
The gnoll hits you with a +0 whip.
You die...

..........#........#.........#
.....##.............#.......##
....................##.....##
..........#.........###..###
..........#.........# ##..##
..............##.#### ##..#
..##.........###....######.#
.....##......gg####....###.#
..).......##..og@...##..##.#
........#.##..#g###.###..#.#
..................#........###
........##.##....)...........#
g.......##.##....##..........###
g.......##.##..............†...#
g.......##.##..................#
........##..#....###...........#
.......$ ##......# #...........#


You could see an orc priest and 4 gnolls.

Vanquished Creatures
  Natasha (twice) (D:2)
  An orc wizard (D:3)
  Robin (D:2)
  3 adders
  2 ribbon worms (D:3)
  An orc (D:3)
  7 bats
  4 endoplasms
  2 giant cockroaches
  12 goblins
  8 hobgoblins
  6 kobolds
  2 quokkas
  3 ball pythons (D:2)
  5 frilled lizards
  2 rats
61 creatures vanquished.

Notes
Turn   | Place    | Note
-------+----------+-------------------------------------------
     0 | D:1      | Minsecho the Spriggan Monk began the quest for the Orb.
     0 | D:1      | Reached XP level 1. HP: 11/11 MP: 2/2
   388 | D:1      | Reached XP level 2. HP: 15/16 MP: 3/3
   939 | D:2      | Found Noakess's Armour Boutique.
   964 | D:2      | Noticed Robin
  1082 | D:1      | Reached XP level 3. HP: 19/19 MP: 4/4
  1090 | D:2      | Noticed Natasha
  1142 | D:2      | Killed Natasha
  1221 | D:2      | Reached XP level 4. HP: 8/23 MP: 5/5
  1325 | D:2      | Noticed Natasha
  1378 | D:2      | Reached skill level 5 in Dodging
  1484 | D:2      | Killed Robin
  1608 | D:2      | Identified the +10 hand axe "Juzaw" {heavy, rN+ Int+4}
  1732 | D:2      | Killed Natasha
  1733 | D:2      | Reached skill level 1 in Stealth
  2119 | D:3      | Reached XP level 5. HP: 28/28 MP: 6/6
  2412 | D:3      | HP: 1/28 [orc priest/divine providence (13)]
  2417 | D:3      | Slain by a gnoll

Illustrated notes

Levels and vault maps discovered:
D:1:      mushboom_english_gardens, layout_basic
D:2:      layout_rooms, serial_shops, shop, uniq_robin, uniq_natasha
D:3:      layout_rooms

Skill      XL: |  1  2  3  4  5 |
---------------+----------------+-----
Short Blades   | 4 |  4.9
Fighting       | 3 |  3.1
Dodging        | 5 |  5.5
Stealth        | 1 2 |  2.1

Action                     |  1- 3 |  4- 6 || total
---------------------------+-------+-------++-------
  Melee: Short sword       |   128 |    36 ||   164
         Dagger            |       |    73 ||    73
         Punch             |       |     1 ||     1
  Throw: Throwing net      |       |     1 ||     1
    Use: Scroll            |       |     1 ||     1
         Potion            |       |     1 ||     1
   Stab: Held in net/web   |       |     2 ||     2
         Sleeping          |       |     2 ||     2
 Armour: Robe              |    38 |    32 ||    70
  Dodge: Dodged            |    94 |    70 ||   164
  Block: Other             |       |    10 ||    10
         Reflection        |       |     3 ||     3
